Map: Winter's Gate LE

Players

skruvmejsel - Winner!

  • Race: Zerg Zerg
  • League: Master
  • Spawn Location: 11:00

Mez

  • Race: Terran Terran
  • League: Master
  • Spawn Location: 5:00

VOD

Have the link to the VOD?

Description

Time

  • Played on: Sept. 5, 2019, 1:30 p.m.
  • Length: 20:01
Show
View Real Time Build Order
Export as new Build Order

skruvmejsel Zerg - Winner!

Build Orders: Hatch First 

Get SALT Encoding   

  12  0:01  Drone  
  13  0:13  Overlord  
  13  0:17  Drone  
  14  0:31  Drone x2  
  16  0:50  Hatchery  
  16  0:52  Drone  
  16  0:56  Drone  
  17  1:01  Drone  
  18  1:13  Spawning Pool  
  18  1:16  Extractor  
  18  1:18  Drone  
  17  1:21  Drone  
  18  1:30  Drone  
  19  1:40  Overlord  
  20  2:01  Zergling x4  
  20  2:03  Queen x2  
  25  2:08  Drone  
  25  2:13  Roach Warren  
  25  2:18  Drone  
  25  2:19  Drone  
  27  2:29  Drone x2  
  28  2:51  Overlord  
  28  2:57  Roach x3  
  34  3:09  Extractor  
  34  3:10  Roach x4  
  41  3:21  Hatchery  
  40  3:33  Drone x2  
  40  3:34  Drone  
  43  3:36  Overlord  
  43  3:46  Overlord  
  43  3:53  Overlord  
  43  3:57  Drone x3  
  46  4:19  Drone x2  
  46  4:20  Drone x6  
  54  4:32  Queen  
  52  4:57  Ravager  
  52  4:58  Ravager x2  
  55  5:00  Drone  
  55  5:01  Drone x9  
  52  5:29  Drone x8  
  60  5:36  Spore Crawler  
  60  5:40  Spore Crawler, Lair  
  60  5:41  Spore Crawler  
  60  5:42  Spore Crawler, Drone x8  
  64  5:44  Overlord  
  64  5:55  Drone  
  64  5:56  Drone x3  
  66  6:04  Extractor  
  64  6:16  Hatchery  
  58  6:20  Drone x6  
  64  6:34  Queen x2  
  70  6:40  Roach x3  
  70  6:41  Overlord  
  70  6:42  Overlord x3  
  70  6:45  Glial Reconstitution  
  74  6:49  Extractor  
  73  7:01  Roach  
  73  7:02  Roach x6  
  86  7:12  Queen, Evolution Chamber  
  87  7:21  Overlord x4  
  87  7:23  Drone x3  
  87  7:27  Overlord x2  
  87  7:28  Overseer  
  90  7:34  Overlord x2, Queen  
  92  7:37  Zerg Missile Weapons Level 1  
  92  7:42  Evolution Chamber  
  91  7:48  Overlord  
  91  7:49  Overlord x2  
  91  7:58  Roach x10  
  111  8:08  Drone  
  111  8:09  Drone x8  
  111  8:10  Spore Crawler  
  119  8:13  Zerg Ground Armor Level 1  
  119  8:18  Spire  
  118  8:21  Roach x4  
  126  8:35  Roach x8  
  136  9:08  Roach x14  
  156  9:13  Overlord x2  
  156  9:14  Overlord  
  152  9:27  Overlord x2  
  152  9:32  Mutalisk x2, Roach  
  158  9:43  Overlord x2  
  158  9:46  Extractor x2  
  158  9:49  Extractor x2  
  100  10:13  Mutalisk x4  
  100  10:17  Roach x5  
  98  10:45  Roach x6  
  98  10:46  Roach x6  
  122  10:53  Metabolic Boost  
  122  10:56  Queen  
  122  11:21  Roach x14  
  150  11:36  Roach x12  
  160  11:54  Roach x5  
  160  11:55  Roach  
  156  12:05  Roach  
  156  12:06  Roach x8  
  166  12:10  Zerg Ground Armor Level 2  
  166  12:11  Zerg Melee Weapons Level 1  
  166  12:15  Baneling Nest  
  165  12:18  Infestation Pit, Zergling x2  
  165  12:19  Zergling x8  
  169  12:36  Zergling x2  
  169  12:37  Zergling x22, Hatchery  
  91  13:18  Zergling x2  
  91  13:19  Zergling x36  
  94  13:20  Centrifical Hooks  
  92  13:33  Corruptor x7  
  106  13:44  Baneling x9  
  106  13:45  Overseer, Baneling x16  
  106  13:48  Zergling x12  
  111  13:53  Hive  
  112  13:58  Zergling x14  
  112  13:59  Zergling x6  
  122  14:09  Zergling x16  
  130  14:22  Overlord x3  
  115  14:32  Zergling x4  
  115  14:33  Zergling x28  
  124  14:46  Zergling x22  
  113  14:57  Zergling x18  
  117  15:01  Baneling x4  
  117  15:02  Baneling x17  
  117  15:08  Drone x4  
  121  15:16  Adrenal Glands  
  100  15:43  Zergling x40  
  100  15:44  Zergling x2  
  107  16:09  Zerg Ground Armor Level 3  
  107  16:12  Zerg Melee Weapons Level 2  
  107  16:15  Drone  
  107  16:16  Zergling x2, Drone  
  107  16:17  Zergling x24  
  107  16:18  Zergling x2  
  123  16:32  Drone x3  
  126  16:33  Drone x9  
  126  16:39  Baneling x9  
  135  16:40  Baneling x2  
  135  16:46  Greater Spire  
  135  16:58  Zergling x24  
  133  17:31  Zergling x2  
  133  17:32  Zergling x40  
  132  17:49  Extractor  
  132  17:50  Extractor  
  122  17:52  Corruptor  
  122  17:53  Corruptor x9  
  142  18:04  Zerg Flyer Armor Level 1  
  142  18:21  Hatchery  
  141  18:28  Brood Lord x3  
  141  18:29  Brood Lord  
  141  18:30  Brood Lord x2  
  153  18:39  Hatchery  
  151  18:54  Zergling x36  
  151  18:55  Zergling x10  
  174  18:58  Baneling x3  
  174  18:59  Baneling x5  
  173  19:28  Corruptor x8  
  173  19:29  Corruptor  
  173  19:43  Zergling x24  
Show
View Real Time Build Order
Export as new Build Order

Mez Terran 

Build Orders: Liberator Opening, Reaper Expand 

Get SALT Encoding   

  12  0:00  SCV  
  13  0:13  SCV  
  14  0:17  Supply Depot  
  14  0:25  SCV  
  15  0:38  SCV  
  15  0:39  Barracks  
  16  0:44  Refinery  
  16  0:50  SCV  
  17  1:02  SCV  
  18  1:15  SCV  
  19  1:27  Reaper  
  19  1:28  Orbital Command  
  20  1:40  Command Center  
  20  1:47  Supply Depot  
  20  1:54  SCV  
  21  1:59  Marine  
  22  2:06  SCV  
  23  2:10  Factory  
  23  2:13  Refinery  
  23  2:18  SCV  
  23  2:22  Barracks Reactor  
  24  2:38  SCV  
  25  2:50  SCV  
  26  2:53  Orbital Command  
  26  3:02  Starport  
  25  3:07  SCV  
  25  3:09  Hellion x2  
  30  3:16  Supply Depot  
  30  3:18  SCV  
  30  3:19  SCV  
  32  3:20  Barracks Tech Lab  
  32  3:29  Liberator  
  32  3:31  SCV x2  
  33  3:43  Bunker, SCV x2  
  33  3:48  Siege Tank  
  41  3:55  Marine, SCV x2  
  43  3:56  Marine  
  43  4:03  Supply Depot  
  40  4:10  SCV x2  
  40  4:16  Marine x2  
  42  4:26  Siege Tank  
  42  4:27  Liberator  
  39  4:35  Marine x2  
  45  4:45  SCV x2  
  44  4:57  SCV  
  44  4:58  SCV  
  44  5:02  Factory Tech Lab  
  33  5:33  Marine x2  
  35  5:49  Viking  
  37  5:51  Marine x2  
  39  5:58  SCV  
  37  6:10  SCV  
  37  6:11  Command Center, Orbital Command  
  38  6:29  SCV  
  38  6:30  Barracks  
  36  6:33  Barracks  
  36  6:35  Factory Reactor  
  36  6:36  SCV  
  37  6:41  SCV  
  37  6:44  Starport Reactor  
  37  6:45  Marine  
  39  6:47  Stimpack  
  39  6:48  SCV  
  39  6:53  SCV  
  41  7:00  SCV  
  42  7:04  Supply Depot  
  42  7:05  SCV, Supply Depot  
  42  7:06  Marine  
  44  7:13  SCV  
  45  7:17  SCV, Engineering Bay  
  45  7:18  Engineering Bay  
  45  7:21  Refinery  
  45  7:22  Factory Tech Lab  
  46  7:23  Refinery  
  46  7:24  Marine  
  46  7:25  SCV  
  46  7:26  Orbital Command  
  46  7:29  Marine x4, SCV  
  53  7:32  Medivac x2  
  57  7:37  SCV  
  57  7:41  Marine, SCV, Supply Depot  
  57  7:43  Supply Depot  
  63  7:47  Terran Infantry Armor Level 1, Terran Infantry Weapons Level 1  
  63  7:49  SCV  
  63  7:50  Orbital Command  
  61  7:53  SCV  
  61  7:57  Marine x4  
  66  7:59  Marine  
  66  8:01  SCV  
  68  8:05  SCV  
  69  8:13  SCV  
  69  8:14  Supply Depot  
  69  8:15  Marine, Supply Depot  
  69  8:17  SCV  
  69  8:18  SCV  
  69  8:19  Marine x4  
  74  8:25  SCV  
  77  8:30  Combat Shield  
  77  8:31  Medivac x2  
  77  8:33  Marine  
  82  8:34  SCV  
  82  8:35  SCV  
  82  8:37  Marine x4  
  82  8:40  Siege Tank  
  91  8:42  SCV  
  91  8:47  SCV x2  
  94  8:50  Marine  
  94  8:55  Marine  
  94  8:58  Marine  
  94  8:59  Marine x2  
  92  9:07  Orbital Command  
  92  9:08  Marine  
  83  9:12  Marine, Siege Tank  
  83  9:16  Marine x2  
  83  9:19  Marine  
  83  9:21  Medivac x2  
  84  9:27  Barracks  
  84  9:28  Barracks  
  78  9:32  Marine  
  78  9:33  Marine  
  78  9:34  Marine x2  
  78  9:37  Marine  
  82  9:53  Refinery  
  82  9:54  Orbital Command  
  78  10:04  Marine  
  78  10:05  Marine x2  
  78  10:06  Marine  
  69  10:08  Marine  
  69  10:10  SCV  
  69  10:11  SCV  
  68  10:19  Siege Tank  
  69  10:37  Liberator  
  69  10:38  Supply Depot  
  69  10:39  Supply Depot  
  69  10:41  Supply Depot  
  69  10:45  Liberator  
  69  10:46  Supply Depot  
  69  10:53  Barracks Reactor  
  69  10:54  Marine x5, Barracks Reactor  
  77  11:00  Siege Tank, SCV x3  
  86  11:07  Armory  
  84  11:12  Marine x5, SCV x3  
  84  11:15  Missile Turret  
  92  11:21  Missile Turret  
  92  11:24  Liberator  
  92  11:29  Marine x4  
  92  11:32  Missile Turret  
  96  11:37  Marine x5  
  96  11:38  Siege Tank  
  105  11:47  Marine  
  103  11:54  Supply Depot x2  
  99  12:06  Marine x9  
  99  12:07  SCV x2  
  99  12:08  SCV  
  109  12:31  Terran Infantry Armor Level 2, Terran Infantry Weapons Level 2  
  109  12:35  Marine x5, SCV x3  
  117  12:37  Marine  
  117  12:39  Supply Depot  
  117  12:43  Liberator  
  102  12:59  SCV  
  102  13:00  SCV  
  98  13:07  Marine x9  
  98  13:10  SCV  
  98  13:11  SCV  
  98  13:12  SCV  
  106  13:17  Command Center  
  106  13:21  Supply Depot  
  106  13:22  SCV  
  106  13:23  SCV  
  106  13:25  Marine  
  109  13:31  Supply Depot  
  109  13:35  Supply Depot  
  109  13:36  Supply Depot  
  109  13:38  Supply Depot  
  109  13:39  Supply Depot, Terran Vehicle Weapons Level 1  
  109  13:42  Marine x2, Siege Tank  
  114  14:08  Marine x2  
  114  14:09  Marine x7  
  123  14:14  Siege Tank  
  123  14:23  Refinery  
  120  14:24  Refinery  
  120  14:26  Marine x2  
  107  14:32  Marine x7  
  86  14:57  Medivac x2  
  90  15:01  Command Center  
  90  15:11  Orbital Command  
  90  15:18  Marine x3  
  73  15:41  Siege Tank  
  68  15:54  Marine x9  
  70  16:00  SCV x2  
  72  16:06  Medivac x2  
  72  16:09  Terran Infantry Weapons Level 3  
  76  16:12  Marine x4, SCV x2, Factory  
  82  16:19  Supply Depot  
  82  16:23  Supply Depot  
  82  16:24  Supply Depot  
  82  16:27  Supply Depot  
  82  16:30  Siege Tank  
  89  16:58  Factory Tech Lab  
  89  17:02  Marine x6  
  85  17:25  Supply Depot  
  85  17:26  Supply Depot  
  81  17:38  Marine x8  
  81  17:39  Marine, Liberator x2  
  86  17:54  Siege Tank  
  86  17:55  Siege Tank  
  86  17:56  Marine  
  99  18:12  Marine x5  
  100  18:13  Marine x2  
  106  18:27  Siege Tank x2  
  106  18:28  Marine  
  106  18:34  Liberator x2  
  113  18:47  Marine  
  113  18:48  Marine x3  
  119  19:03  Siege Tank x2  
  125  19:23  Marine x5  
  125  19:24  Marine x4  
  92  19:41  Marine x2  
Tags
 
Add a new tag
Caveats
  • Supply blocks, unpowered buildings, or Contaminate may cause inaccurate times.
  • Supply counts are checked every 10 seconds.